 Dungeon Crawl Stone Soup version 0.28.0-1-gb440e238dd (webtiles) character file.

Game seed: 13038766077044979254

72 night the Conjurer (level 4, -1/39 HPs)
             Began as a Gargoyle Conjurer on Feb 19, 2022.
             Slain by Sigmund (8 damage)
             ... on level 2 of the Dungeon.
             The game lasted 00:05:10 (1751 turns).

night the Conjurer (Gargoyle Conjurer)              Turns: 1751, Time: 00:05:11

Health: -1/39      AC: 22    Str: 10    XL:     4   Next: 26%
Magic:  1/8        EV: -1    Int: 21    God:
Gold:   33         SH:  0    Dex:  8    Spells: 5/8 levels left

rFire   . . .      SeeInvis .   f - +1 whip
rCold   . . .      Faith    .   (no shield)
rNeg    + . .      Spirit   .   (armour currently unavailable)
rPois   ∞          Reflect  .   (helmet currently unavailable)
rElec   .          Harm     .   (cloak currently unavailable)
rCorr   .          Rampage  .   (gloves currently unavailable)
Will    .....      NoTele   +   (boots currently unavailable)
Stlth   ++........              (no amulet)
HPRegen 0.13/turn               (no ring)
MPRegen 0.11/turn               (no ring)

@: tree-form, constricted
A: stationary, stasis, torment immunity, boosted hp, sickness immunity, AC +3,
negative energy resistance 1, (electricity resistance), torment resistance 1,
petrification resistance
a: no special abilities


You were on level 2 of the Dungeon.
You were a tree.
You visited 1 branch of the dungeon, and saw 3 of its levels.

You collected 33 gold pieces.

Inventory:

Hand Weapons
 c - a +0 dagger
 f - a +1 whip (weapon)
 i - a +0 long sword
Missiles
 b - 63 arrows
 k - 4 stones
Armour
 a - a +0 robe (melded)
 g - a +0 helmet (melded)
 h - a +0 cloak (melded)
 l - a +0 pair of boots (melded)
Scrolls
 j - 2 scrolls of amnesia


   Skills:
 + Level 2.2 Fighting
 - Level 1.5 Dodging
 - Level 2.1 Stealth
 + Level 2.8 Spellcasting
 + Level 5.0 Conjurations


You had 5 spell levels left.
You knew the following spells:

 Your Spells              Type           Power      Damage    Failure   Level
a - Magic Dart            Conj           96%        1d7       1%          1
b - Searing Ray           Conj           48%        2d6       2%          2

Your spell library contained the following spells:

 Spells                   Type           Power      Damage    Failure   Level
 Dazzling Flash           Conj/Hex       26%        N/A       14%         3
 Fulminant Prism          Conj/Hex       6%         3d7       43%         4
 Iskenderun's Mystic Bla  Conj/Tloc      13%        2d5       43%         4


Dungeon Overview and Level Annotations

Branches:
Dungeon (3/15)

Altars:

Annotations:
D:2 Sigmund


Innate Abilities, Weirdness & Mutations

You are a tree.
Your roots penetrate the ground, keeping you stationary.
You cannot be teleported.
You are immune to unholy pain and torment.
Your maximum health is greatly increased.
Your equipment is partially melded.
You are immune to sickness and miasma.
((Your stone body is resilient. (AC +3)))
You are immune to poison.
You resist negative energy. (rN+)
((You are resistant to electric shocks. (rElec)))
You are resistant to unholy torment.
You are immune to petrification.


Message History

Press: ? - help, Shift-Dir - straight line You throw a stone.
Sigmund appears from thin air!
Reactivating autopickup.
Sigmund hits you but does no damage.
A ball python comes into view.
Throw: 6 stones
Press: ? - help, Shift-Dir - straight line, f - Sigmund
Aim: Sigmund, wielding a +0 scythe and wearing a +0 robe (severely wounded, 50% to hit)
You throw a stone.
The stone hits Sigmund but does no damage.
Sigmund is severely wounded.
Sigmund casts a spell.
Sigmund flickers and vanishes!
Deactivating autopickup; reactivate with Ctrl-A.
Throw: 5 stones
Press: ? - help, Shift-Dir - straight line You throw a stone.
You hear some strange, mumbled words.
A puff of flame appears from out of thin air!
The puff of flame hits you but does no damage.
You hit the ball python.
The ball python is severely wounded.
The ball python bites you but does no damage.
The ball python grabs you. The ball python constricts you. Something hits you.
* * * LOW HITPOINT WARNING * * *
The ball python bites you but does no damage.
The ball python constricts you.
You barely miss the ball python.
The ball python is severely wounded.
The ball python bites you but does no damage.
The ball python constricts you.
You barely miss the ball python.
The ball python is severely wounded.
You hear some strange, mumbled words.
A puff of flame appears from out of thin air!
The puff of flame hits you but does no damage.
The ball python bites you but does no damage.
The ball python constricts you. Something hits you!
You die...

# #. ## ##.# ..
...#...#########.#
.......>...){$♣S.#
........##########
.......## ...##.#
.. ## .


You could see a ball python.

Vanquished Creatures
  4 gnolls (D:2)
  A dart slug (D:2)
  4 endoplasms (D:1)
  2 giant cockroaches (D:1)
  2 goblins
  4 hobgoblins
  2 quokkas (D:1)
  A ball python (D:1)
  4 bats
  A frilled lizard (D:1)
  4 kobolds
  4 rats
33 creatures vanquished.

Notes
Turn   | Place    | Note
-------+----------+-------------------------------------------
     0 | D:1      | night the Gargoyle Conjurer began the quest for the Orb.
     0 | D:1      | Reached XP level 1. HP: 10/10 MP: 3/3
   252 | D:1      | Reached XP level 2. HP: 16/16 MP: 0/5
   395 | D:1      | Reached skill level 1 in Fighting
   508 | D:1      | Learned a level 2 spell: Searing Ray
  1168 | D:2      | Reached XP level 3. HP: 20/20 MP: 4/6
  1484 | D:2      | Reached skill level 2 in Fighting
  1484 | D:2      | Reached skill level 5 in Conjurations
  1484 | D:2      | Reached XP level 4. HP: 21/26 MP: 3/8
  1675 | D:2      | You fall into a shaft and drop 1 floor!
  1706 | D:2      | Noticed Sigmund
  1751 | D:2      | Slain by Sigmund

Illustrated notes

Levels and vault maps discovered:
D:1:      onia_arrival_pentagram, layout_loops_ring
D:2:      layout_loops_corners, uniq_sigmund
D:3:      layout_loops_ring, shapermc_ecumenical_altar_acropolis, uniq_terence

Skill      XL: |  1  2  3 |
---------------+----------+-----
Fighting       | 1 2 |  2.2
Conjurations   | 5 |  5.0
Dodging        | |  1.5
Stealth        | |  2.1
Spellcasting   | |  2.8

Action                   |  1- 3 |  4- 6 || total
-------------------------+-------+-------++-------
Melee: Dagger            |     2 |       ||     2
       Whip              |       |     3 ||     3
Throw: Stone             |       |    14 ||    14
 Cast: Magic Dart        |    51 |     7 ||    58
       Searing Ray       |     2 |     2 ||     4
  Use: Scroll            |     4 |       ||     4
       Potion            |       |     2 ||     2
Armor: Robe              |     4 |     1 ||     5
       Skin              |       |    17 ||    17
Dodge: Dodged            |    11 |     1 ||    12
